 Seeded DCSS version 0.30.1-11-g7821555f0a (webtiles) character file.

Game seed: 8617203140785432855 (custom seed)

4 Psyclone the Conjurer (level 1, 0/10 HPs)
             Began as a Deep Elf Conjurer on Nov 3, 2023.
             Slain by a giant cockroach (2 damage)
             ... on level 1 of the Dungeon.
             The game lasted 00:00:40 (828 turns).

Psyclone the Conjurer (Deep Elf Conjurer)            Turns: 828, Time: 00:00:40

Health: 0/10       AC:  2    Str:  4    XL:     1   Next: 50%
Magic:  6/6        EV: 12    Int: 22    God:
Gold:   0          SH:  0    Dex: 13    Spells: 5/6 levels left

rFire   . . .        (no weapon)
rCold   . . .        (no shield)
rNeg    . . .        a - +0 robe
rPois   .            (helmet restricted)
rElec   .            (no cloak)
rCorr   .            (no gloves)
SInv    +            (no boots)
Will    .....        (no amulet)
Stlth   ++           (no ring)
HPRegen 0.21/turn    (no ring)
MPRegen 0.10/turn

%: no passive effects
@: no status effects
A: horns 1, see invisible, evolution 1
a: no special abilities


You were on level 1 of the Dungeon.
You visited 1 branch of the dungeon, and saw 1 of its levels.

Inventory:

Armour
 a - a +0 robe (worn)
Potions
 b - a potion of magic
 c - a potion of mutation


   Skills:
 - Level 2.4 Dodging
 - Level 2.4 Stealth
 - Level 3.0 Spellcasting
 + Level 4.6 Conjurations


You had 5 spell levels left.
You knew the following spells:

 Your Spells              Type           Power      Damage    Failure   Level
a - Magic Dart            Conj           92%        1d7       1%          1

Your spell library contained the following spells:

 Spells                   Type           Power      Damage    Failure   Level
 Searing Ray              Conj           46%        2d6       2%          2
 Dazzling Flash           Conj/Hex       26%        N/A       14%         3
 Fulminant Prism          Conj/Hex       6%         3d7       43%         4
 Iskenderun's Mystic Bla  Conj/Tloc      13%        2d5       43%         4


Dungeon Overview and Level Annotations

Branches:
Dungeon (1/15) Zot: 5171

Altars:


Innate Abilities, Weirdness & Mutations

You have a pair of small horns on your head.
You have supernaturally acute eyesight. (SInv)
You have hidden genetic potential.


Message History

The giant cockroach closely misses you. The bat hits you but does no damage.
The bat closely misses you.
The giant cockroach bites you but does no damage.
The bat misses you. The giant cockroach closely misses you.
The giant cockroach closely misses you.
The giant cockroach bites you but does no damage.
The bat misses you. The giant cockroach barely misses you.
The bat hits you but does no damage. The giant cockroach barely misses you.
The bat hits you but does no damage. The giant cockroach closely misses you.
The giant cockroach bites you. The bat barely misses you.
The giant cockroach bites you but does no damage. x2
The bat barely misses you. The giant cockroach barely misses you.
The bat hits you but does no damage. The giant cockroach bites you.
The bat hits you but does no damage. The giant cockroach bites you.
The bat hits you. The bat misses you. The giant cockroach barely misses you.
The bat closely misses you. The giant cockroach barely misses you.
The bat hits you but does no damage. The giant cockroach barely misses you.
The bat barely misses you.
The giant cockroach bites you but does no damage.
The giant cockroach bites you.
* * * LOW HITPOINT WARNING * * *
The bat hits you.
* * * LOW HITPOINT WARNING * * *
The bat barely misses you. The bat closely misses you.
The giant cockroach closely misses you. The bat barely misses you.
The giant cockroach bites you but does no damage.
The bat closely misses you. The bat barely misses you.
The giant cockroach bites you but does no damage.
The giant cockroach bites you.
* * * LOW HITPOINT WARNING * * *
The bat barely misses you.
The giant cockroach bites you but does no damage.
The bat barely misses you.
The giant cockroach bites you but does no damage.
The bat closely misses you. The giant cockroach bites you.
You die...

............... ..[............#
... ...............## ......
........................
.....>..............#...
.....<..........# ....
................##..##..........#
.................!..##..........#
................@Bb.##.....).....
..............##.....#.....!....
..............##...............
.........##............#....#
...##....##.......#.........# ...
#............#..........# ..
..............#.#.......##
..#######........#.......######
.g ####+##.................


You could see a giant cockroach and a bat.

Vanquished Creatures
  A dart slug (D:1)
  A hobgoblin (D:1)
2 creatures vanquished.

Notes
Turn   | Place    | Note
-------+----------+-------------------------------------------
     0 | D:1      | Psyclone the Deep Elf Conjurer began the quest for the Orb.
     0 | D:1      | Reached XP level 1. HP: 10/10 MP: 6/6
    79 | D:1      | Gained mutation: You have hidden genetic potential. [potion
                  | of mutation]
    79 | D:1      | Gained mutation: You have a pair of small horns on your
                  | head. [potion of mutation]
    79 | D:1      | Gained mutation: You have supernaturally acute eyesight.
                  | (SInv) [potion of mutation]
   828 | D:1      | Slain by a giant cockroach

Illustrated notes

Levels and vault maps discovered:
D:1:      dpeg_arrival_stonehenge_12_columns, layout_basic, serial_shops, shop

Action                     || total
---------------------------++-------
   Cast: Magic Dart        ||     4
    Use: Potion            ||     1
 Armour: Robe              ||    40
  Dodge: Dodged            ||    72
